 Dungeon Crawl Stone Soup version 0.31.0-32-g396128a36d (webtiles) character file.

Game seed: 10980470430530770557

2555441 RepoMan the Ninja (level 27, 206/206 HPs)
             Began as a Felid Delver on Mar 28, 2024.
             Was the Champion of Wu Jian.
             Escaped with the Orb
             ... and 4 runes!
             The game lasted 05:17:26 (61019 turns).

RepoMan the Ninja (Felid Delver)                   Turns: 61019, Time: 05:17:26

Health: 206/206    AC: 35    Str: 16    XL:     27
Magic:  28/28      EV: 49    Int: 15    God:    Wu Jian [******]
Gold:   4451       SH:  0    Dex: 29    Spells: 19/32 levels left
                                        Lives:  2   Deaths: 2

rFire   + +          +
                       - Unarmed
rCold   + . .        (shield unavailable)
rNeg    + + +        (body armour unavailable)
rPois   ∞            (helmet unavailable)
rElec   +            (cloak unavailable)
rCorr   +            (gloves unavailable)
SInv    +            (boots unavailable)
Will    +++++        v - amulet of Ruvik {Spirit rF+ rC+ Dex+3}
Stlth   +++          r - ring "Ofosm" {rN+ Dex+3}
HPRegen 0.54/turn    f - ring of Potorpha Ympe {rF++ rN+ rCorr Str+4 SInv}
MPRegen 0.21/turn

%: guardian spirit
@: statue-form, silenced, enlightened, flying, invisible, very slow
A: slow and powerful, torment resistance 1, boosted hp, very small, claws 1,
fangs 3, see invisible, (shaggy fur 3), stealthy paws, no weapons or thrown
items, no armour, multi-lived, clumsy 1, dopey 1, strong-willed 1
0: Orb of Zot
}: 4/15 runes: barnacled, slimy, silver, gossamer
a: Begin Untransformation, Renounce Religion, Wall Jump


You escaped.
You worshipped Wu Jian.
Wu Jian was exalted by your worship.
You were a living statue of rough stone.
You visited 12 branches of the dungeon, and saw 56 of its levels.
You also visited: Sewer and Ice Cave.

You collected 8569 gold pieces.
You spent 4118 gold pieces at shops.

Inventory:

Jewellery
 c - a ring of willpower
 f - the ring of Potorpha Ympe (right paw) {rF++ rN+ rCorr Str+4 SInv}
   (You took it off Boris on level 3 of the Crypt)

   [ring of positive energy]

   Str+4:     It affects your strength (+4).
   rF++:      It greatly protects you from fire.
   rN+:       It protects you from negative energy.
   SInv:      It lets you see invisible.
   rCorr:     It protects you from acid and corrosion.
 r - the ring "Ofosm" (left paw) {rN+ Dex+3}
   (You took it off a deep elf elementalist on level 3 of the Elven Halls)

   [ring of positive energy]

   Dex+3:     It affects your dexterity (+3).
   rN+:       It protects you from negative energy.
 v - the amulet of Ruvik (around neck) {Spirit rF+ rC+ Dex+3}
   (You bought it in a shop on level 2 of the Shoals)

   [amulet of guardian spirit]

   Spirit:    It causes incoming damage to be divided between your reserves of
   health and magic.
   Dex+3:     It affects your dexterity (+3).
   rF+:       It protects you from fire.
   rC+:       It protects you from cold.
 y - the ring of Saeh {Int+4 Slay+4}
   (You found it on level 5 of the Pits of Slime)

   [ring of slaying]

   Int+4:     It affects your intelligence (+4).
   Slay+4:    It affects your accuracy & damage with ranged weapons and melee
   (+4).
 B - an amulet of regeneration
 N - a ring of protection from cold
 S - the ring "Nyv Ziyg" {Fly rN+}
   (You took it off a deep elf sorcerer on level 3 of the Elven Halls)

   [ring of positive energy]

   rN+:       It protects you from negative energy.
   Fly:       It grants you flight.
 X - the ring of Guhur {rElec MP+9 Int+6 Dex-4 SInv}
   (You found it on level 5 of the Vaults)

   [ring of magical power]

   Int+6:     It affects your intelligence (+6).
   Dex-4:     It affects your dexterity (-4).
   rElec:     It insulates you from electricity.
   MP+9:      It affects your magic capacity (+9).
   SInv:      It lets you see invisible.
Talismans
 m - a talisman of death
 p - the serpent talisman "Musyo" {Int+3}
   (You took it off Aizul on level 4 of the Shoals)

   [serpent talisman]

   Int+3:     It affects your intelligence (+3).
 s - a storm talisman
 t - a granite talisman (active)
Wands
 F - a wand of iceblast (43)
 H - a wand of mindburst (10)
 J - a wand of polymorph (21)
 L - a wand of light (34)
 Q - a wand of flame (68)
 U - a wand of paralysis (29)
 V - a wand of digging (9)
Scrolls
 a - 16 scrolls of fog
 b - 26 scrolls of teleportation
 e - 5 scrolls of poison
 i - 4 scrolls of vulnerability
 j - 5 scrolls of noise
 k - 4 scrolls of amnesia
 n - 9 scrolls of revelation
 z - 10 scrolls of fear
 D - 3 scrolls of torment
 G - a scroll of blinking
 P - 7 scrolls of immolation
 W - 2 scrolls of silence
Potions
 d - 4 potions of magic
 h - 3 potions of haste
 l - 12 potions of lignification
 o - 11 potions of enlightenment
 u - 3 potions of attraction
 w - 16 potions of brilliance
 x - 7 potions of ambrosia
 A - 3 potions of mutation
 C - 15 potions of curing
 I - 7 potions of resistance
 M - 3 potions of berserk rage
 O - 3 potions of might
 R - 11 potions of heal wounds
 T - 3 potions of cancellation
Miscellaneous
 g - a lightning rod (4/4)
 E - a phial of floods
 K - a condenser vane
 Y - a box of beasts
 Z - a phantom mirror


   Skills:
 + Level 21.1 Fighting
 + Level 23.3 Dodging
 O Level 27 Stealth
 * Level 25.5 Unarmed Combat
 - Level 3.3 Spellcasting
 - Level 13.3 Translocations
 - Level 3.3 Air Magic
 - Level 5.5 Evocations
 + Level 23.3 Shapeshifting


You had 19 spell levels left.
You knew the following spells:

 Your Spells              Type           Power      Damage    Failure   Level
a - Manifold Assault      Tloc           42%        N/A       1%          4
g - Apportation           Tloc           84%        N/A       1%          1
p - Passage of Golubria   Tloc           42%        N/A       1%          4
v - Vhi's Electric Charg  Tloc/Air       54%        N/A       6%          4

Your spell library contained the following spells:

 Spells                   Type           Power      Damage    Failure   Level
 Momentum Strike          Conj/Tloc      44%        3d9       1%          2
 Volatile Blastmotes      Fire/Tloc      44%        2d13      3%          3
 Shock                    Conj/Air       28%        1d4       10%         1
 Iskenderun's Mystic Bla  Conj/Tloc      22%        2d6       13%         4
 Mercury Vapours          Alch/Air       14%        N/A       16%         2
 Static Discharge         Conj/Air       14%        3-4/arc   16%         2
 Swiftness                Air            12%        N/A       16%         3
 Cigotuvi's Dreadful Rot  Necr/Alch/Air  10%        N/A       19%         2
 Foxfire                  Conj/Fire      8%         2x1d4     21%         1
 Freeze                   Ice            8%         1d3       21%         1
 Kiss of Death            Conj/Necr      8%         2d6       21%         1
 Magic Dart               Conj           8%         1d3       21%         1
 Necrotise                Necr           8%         1d4       21%         1
 Sandblast                Erth           4%         2d4       21%         1
 Sting                    Conj/Alch      8%         1d3       21%         1
 Summon Small Mammal      Summ           8%         N/A       21%         1
 Call Imp                 Summ           4%         N/A       30%         2
 Jinxbite                 Hex            4%         N/A       30%         2
 Scorch                   Fire           4%         2d5       30%         2
 Searing Ray              Conj           4%         2d4       30%         2
 Summon Forest            Summ/Tloc      11%        N/A       34%         5
 Mephitic Cloud           Conj/Alch/Air  5%         N/A       36%         3
 Airstrike                Air            6%         2d(1-17)  45%         4
 Call Canine Familiar     Summ           2%         N/A       52%         3
 Confusing Touch          Hex            2%         N/A       52%         3
 Dazzling Flash           Conj/Hex       4%         N/A       52%         3
 Frozen Ramparts          Ice            4%         1d1       52%         3
 Fugue of the Fallen      Necr           2%         N/A       52%         3
 Hailstorm                Conj/Ice       2%         3d5       52%         3
 Ozocubu's Armour         Ice            2%         N/A       52%         3
 Passwall                 Erth           2%         N/A       52%         3
 Sigil of Binding         Hex            2%         N/A       52%         3
 Stone Arrow              Conj/Erth      4%         3d7       52%         3
 Summon Ice Beast         Ice/Summ       2%         N/A       52%         3
 Tukima's Dance           Hex            2%         N/A       52%         3
 Vampiric Draining        Necr           2%         2d6       52%         3
 Anguish                  Hex/Necr       1%         N/A       89%         4
 Animate Dead             Necr           2%         N/A       89%         4
 Brom's Barrelling Bould  Conj/Erth      2%         2d3       89%         4
 Cause Fear               Hex            1%         N/A       89%         4
 Dispel Undead            Necr           2%         3d7       89%         4
 Flame Wave               Conj/Fire      2%         2d4       89%         4
 Fulminant Prism          Conj/Alch      1%         3d5       89%         4
 Ignite Poison            Fire/Alch      2%         N/A       89%         4
 Leda's Liquefaction      Alch/Erth      1%         N/A       89%         4
 Martyr's Knell           Necr/Summ      2%         N/A       89%         4
 Petrify                  Alch/Erth      2%         N/A       89%         4
 Sticky Flame             Fire/Alch      2%         2d4       89%         4
 Summon Blazeheart Golem  Fire/Summ      2%         N/A       89%         4
 Arcjolt                  Conj/Air       3%         1d13      95%         5
 Silence                  Hex/Air        3%         N/A       95%         5
 Freezing Cloud           Conj/Ice/Air   2%         6-21      98%         5
 Alistair's Intoxication  Alch           1%         N/A       99%         5
 Borgnjor's Vile Clutch   Necr/Erth      1%         N/A       99%         5
 Curse of Agony           Necr           2%         N/A       99%         5
 Fireball                 Conj/Fire      1%         3d3       99%         5
 Irradiate                Conj/Alch      1%         3d12      99%         5
 Lee's Rapid Deconstruct  Erth           1%         3d4*      99%         5
 Metabolic Englaciation   Hex/Ice        1%         N/A       99%         5
 Yara's Violent Unravell  Hex/Alch       1%         3d3       99%         5
 Disjunction              Tloc           21%        N/A       99%         8
 Bombard                  Conj/Erth      1%         9d1       100%        6
 Conjure Ball Lightning   Conj/Air       3%         3x3d6     100%        6
 Death Channel            Necr           1%         N/A       100%        6
 Eringya's Noxious Bog    Alch           1%         4d6       100%        6
 Plasma Beam              Fire/Air       3%         2x1d13    100%        6
 Sculpt Simulacrum        Ice/Alch       1%         N/A       100%        6
 Starburst                Conj/Fire      1%         6d3       100%        6
 Summon Cactus Giant      Summ           1%         N/A       100%        6
 Enfeeble                 Hex            1%         N/A       100%        7
 Haunt                    Necr/Summ      1%         N/A       100%        7
 Orb of Destruction       Conj           1%         9d5       100%        7
 Spellforged Servitor     Conj/Summ      1%         N/A       100%        7
 Summon Hydra             Summ           1%         N/A       100%        7
 Borgnjor's Revivificati  Necr           1%         N/A       100%        8
 Discord                  Hex            1%         N/A       100%        8
 Infestation              Necr           1%         N/A       100%        8
 Maxwell's Capacitive Co  Air            6%         ∞         100%        8
 Chain Lightning          Conj/Air       3%         3d4       100%        9
 Death's Door             Necr           1%         N/A       100%        9
 Dragon's Call            Summ           1%         N/A       100%        9
 Dimensional Bullseye     Hex/Tloc       Unusable   N/A       N/A         4
 Sublimation of Blood     Necr           Unusable   N/A       N/A         2

Dungeon Overview and Level Annotations

Branches:
Dungeon (15/15)            Temple (1/1) D:7            Lair (5/5) D:8
 Shoals (4/4) Lair:2       Spider (4/4) Lair:2        Slime (5/5) Lair:5
    Orc (2/2) D:10            Elf (3/3) Orc:2        Vaults (5/5) D:13
  Crypt (3/3) Vaults:3       Tomb (0/3) Crypt:3      Depths (4/4) D:15
    Zot (5/5) Depths:4      Sewer (visited)           IceCv (visited)

Altars:
Ashenzari
Cheibriados
Dithmenos
Elyvilon
Fedhas
Gozag
Hepliaklqana
Kikubaaqudgha
Makhleb
Nemelex Xobeh
Okawaru
Qazlal
Ru
Sif Muna
Trog
Uskayaw
Vehumet
Wu Jian
Xom
Yredelemnul
Zin
The Shining One
Jiyva
Lugonu

Shops:
D:1 [   D:4 [   D:12 :   Orc:2 *([   Elf:1 [*   Elf:3 ?   Shoals:2 =
Vaults:3 ?   Vaults:4 (

Portals:
Hell: Depths:1 Depths:2 Depths:3 Depths:4
Abyss: Depths:2 Depths:3 Depths:4
Pandemonium: Depths:1 Depths:2 Depths:4
Ziggurat: Depths:1

Annotations:
D:3 Natasha
D:9 2 transporters, tykejmi's ghost, novice DgAE
Lair:1 2 transporters
Elf:2 3 runed translucent doors
Depths:1 2 transporters, WeeknightWizard's ghost, veteran DEFE
Depths:4 1 runed translucent door, ripuliukko's ghost, master GrEE


Innate Abilities, Weirdness & Mutations

You are a living statue of rough stone.
Your actions are slow, but your melee attacks are powerful.
You are resistant to unholy torment.
Your maximum health is greatly increased.
You are immune to poison.
You have sharp claws.
You have razor-sharp teeth.
You have supernaturally acute eyesight. (SInv)
((Your thick and shaggy fur keeps you warm. (AC +3, rC+)))
Your paws help you pounce on unaware monsters.
You are incapable of wielding weapons or throwing items.
You cannot wear armour.
You gain extra lives every three experience levels.
You are clumsy. (Dex -2)
You are dopey. (Int -2)
You are strong-willed. (Will+)


Message History

What level of the Dungeon? (default 1, ? - help)
A smoke demon comes into view.
You lunge at the smoke demon, in a flurry of attacks.
You catch the helpless smoke demon completely off-guard!
You eviscerate the smoke demon!!!!!
You kill the smoke demon!
The Council accepts your kill.
A chaos spawn comes into view.
You lunge at the chaos spawn, in a flurry of attacks.
You mangle the chaos spawn!!
The chaos spawn is heavily wounded.
You eviscerate the chaos spawn!!!
You kill the chaos spawn!
The Council accepts your kill.
The chaos spawn degenerates into a cloud of primal chaos!
A soul eater comes into view.
The soul eater moves out of view.
There is a stone staircase leading up here.
You climb upwards.
There is a stone staircase leading down here.
Blink to where?
Press: ? - help, Dir - move target
As you read the scroll of blinking, it crumbles to dust.
You climb upwards.
There is a stone staircase leading down here.
You feel yourself speed up.
There is an open door here.
There is an open door here.
You see here a +0 hand axe.
There is a stone staircase leading down here.
There is an open door here.
Your extra speed is starting to run out.
You feel yourself slow down.
There is a staircase leading out of the dungeon here.
You fade into invisibility!
As you read the scroll of silence, it crumbles to dust.
A profound silence engulfs you.
You feel very buoyant.
You fly up into the air.
You have escaped!

##### #### ### #...########
...### ##8## ####........ .....#
###...### ##.####.. P..#.#
#X#...#X# #....#.# ..##.#
###...### ##.##...#
⌠.##.########X#...#X#####.#####.#
~.##.......####...####...######..
~.#####.#####X#...#X###.###......
⌠.......# ###..#####....#.#####
⌠.####### #X#..#x# ##.#.#.# #


You could see 2 large abominations.

Vanquished Creatures
  the Royal Jelly (Slime:5)
  Frederick (Vaults:3)
  Tiamat (Zot:3)
  7 orbs of fire
  7 ancient liches
  6 dread liches
  4 juggernauts
  Sojobo (Depths:2)
  Boris (4 times) (Vaults:3 Crypt:2 Crypt:3 Depths:2)
  7 Killer Klowns
  Saint Roka (Orc:1)
  A pandemonium lord (Zot:3)
  3 curse toes
  A caustic shrike (Depths:3)
  7 golden dragons
  3 profane servitors
  Arachne (Spider:2)
  2 Tzitzimimeh
  6 electric golems
  Rupert (D:13)
  11 tentacled monstrosities
  The ghost of tamionv the Wallflower, an adept GrFi of Uskayaw (Vaults:3)
  An Ice Fiend (Depths:2)
  2 liches (Crypt:3)
  29 Orb Guardians
  18 acid blobs
  Asterion (Spider:1)
  9 titans
  7 sphinxes
  Jorgrun (Elf:2)
  2 deep elf master archers (Elf:3)
  7 quicksilver dragons
  A kraken (Shoals:1)
  Gastronok (D:8)
  An Executioner (Zot:5)
  6 death cobs
  7 tengu reavers
  Agnes (D:15)
  15 shadow dragons
  Aizul (Shoals:4)
  Donald (Elf:2)
  11 rockslimes
  4 draconian knights
  3 draconian monks
  2 revenants
  3 protean progenitors
  Roxanne (Spider:3)
  13 azure jellies
  8 fire giants
  9 storm dragons
  14 deep elf sorcerers
  3 draconian shifters
  6 emperor scorpions
  5 draconian scorchers
  12 frost giants
  4 balrugs
  A cacodemon (D:15)
  A curse skull (Crypt:3)
  5 ghost moths
  6 iron dragons
  19 vault wardens
  6 angels
  3 deep elf elementalists (Elf:3)
  6 ghouls
  4 orc warlords
  3 spriggan defenders
  5 draconian stormcallers (Zot:3)
  12 very ugly things
  16 ironbound preservers
  14 quicksilver oozes
  14 stone giants
  6 draconian annihilators
  3 broodmothers
  12 formless jellyfish
  A demonspawn black sun (Zot:3)
  7 green draconians
  8 vampire knights
  10 deep elf death magi
  5 deep elf demonologists
  10 ironbound thunderhulks
  6 black draconians
  9 deep elf annihilators
  23 yellow draconians
  9 red draconians
  2 bunyips (Zot:4)
  8 war gargoyles
  6 white draconians
  3 spark wasps
  15 dire elephants
  7 purple draconians
  A green death (Zot:3)
  Snorg (Lair:3)
  8 ettins
  9 jiangshi
  8 eidola
  3 crystal guardians
  15 merfolk impalers
  8 fire dragons
  A spriggan zombie (Crypt:3)
  An entropy weaver (shapeshifter) (D:14)
  6 deep elf high priests
  4 entropy weavers
  Josephine (D:11)
  5 merfolk javelineers (Shoals:4)
  11 yaktaur captains
  2 rakshasas
  7 great orbs of eyes
  12 ice dragons
  A hell beast (Depths:2)
  39 vault guards
  2 jorogumos (Spider:4)
  12 hydras
  2 alligator snapping turtles
  4 radroaches
  4 peacekeepers
  6 merfolk avatars
  9 boulder beetles
  A spriggan skeleton (Crypt:3)
  18 dancing weapons
  A fenstrider witch skeleton (Crypt:3)
  5 spriggan air magi
  14 centaur warriors
  A two-headed ogre (shapeshifter) (Depths:3)
  9 ironbound frosthearts
  6 deep troll shamans
  7 vampire magi
  3 satyrs (Shoals:3)
  10 merfolk aquamancers
  7 two-headed ogres
  12 deep troll earth magi
  6 hell hogs
  7 demonic crawlers
  5 occultists
  2 orc high priests
  8 death yaks
  3 sun demons
  9 tengu warriors
  A spriggan (Depths:3)
  6 spriggan berserkers
  Urug (Orc:2)
  An emperor scorpion zombie (Crypt:1)
  A shock serpent (shapeshifter) (Zot:4)
  18 hell knights
  Sonja (D:11)
  13 deep elf knights
  4 soul eaters
  A spark wasp zombie (Crypt:2)
  18 skeletal warriors
  6 skysharks
  2 sixfirhies (D:15)
  A skyshark (shapeshifter) (Depths:3)
  5 iron trolls
  3 shadow wraiths
  A titan skeleton (Crypt:1)
  2 goliath frogs (Zot:5)
  6 pharaoh ants
  8 sea snakes
  Lodul (D:11)
  A storm dragon skeleton (Crypt:1)
  11 orb spiders
  2 glowing orange brains
  An anaconda zombie (Crypt:1)
  13 flayed ghosts
  12 deep elf archers
  42 deep trolls
  6 arcanists
  A lindwurm (shapeshifter) (D:15)
  A swamp dragon (Lair:5)
  21 phantasmal warriors
  7 steelbarb worms
  A shadow dragon zombie (Depths:3)
  15 ironbound convokers
  36 deep elf zephyrmancers
  Pikel (D:8)
  A golden dragon skeleton (Depths:3)
  A sun moth (shapeshifter) (Vaults:5)
  8 harpies
  2 sun moths
  3 bog bodies (Crypt:2)
  An iron dragon zombie (Vaults:1)
  7 necromancers
  16 orc knights
  A sphinx simulacrum (Depths:2)
  An elf skeleton (Vaults:1)
  8 lindwurms
  25 deep elf pyromancers
  15 wolf spiders
  20 ugly things
  5 shining eyes
  5 oklob plants
  2 fauns (shapeshifter)
  A shining eye (shapeshifter) (Zot:4)
  4 cyclopes
  33 moths of wrath
  14 fauns
  13 elephants
  14 manticores
  A meliai (Lair:2)
  9 orc sorcerers
  A fire giant skeleton (Depths:3)
  A kobold blastminer (Orc:2)
  7 merfolk sirens
  5 black mambas
  15 vault sentinels
  A frost giant skeleton (Depths:3)
  A torpor snail (shapeshifter) (Depths:4)
  7 gargoyles
  A stone giant skeleton (Vaults:1)
  3 eyes of devastation
  3 smoke demons
  10 water nymphs
  2 orange demons
  13 cane toads
  5 rime drakes
  2 kobold demonologists
  2 hellions
  2 torpor snails
  8 komodo dragons
  A centaur skeleton (Crypt:3)
  29 yaktaurs
  6 freezing wraiths
  2 unseen horrors
  A tormentor (Depths:4)
  An efreet (D:15)
  2 red devils
  10 polar bears
  2 queen bees (shapeshifter)
  An iron troll skeleton (Crypt:1)
  A queen bee (D:14)
  A hellwing (Zot:3)
  9 trolls
  10 saltlings (Orc:2)
  A polar bear (shapeshifter) (Elf:2)
  A sun moth zombie (Crypt:1)
  2 harpy skeletons (Crypt:3)
  28 tarantellas
  An alligator simulacrum (IceCv)
  A blink frog (shapeshifter) (Elf:2)
  2 hornets
  11 wind drakes
  28 merfolk
  12 blink frogs
  2 glass eyes (Depths:3)
  3 raiju (Lair:5)
  The ghost of sono the Cudgeller, an amateur GrFi of Gozag (D:5)
  6 snapping turtles
  71 slime creatures
  29 jumping spiders
  6 air elementals
  27 culicivoras
  41 yaks
  3 shadows (Crypt:3)
  A dire elephant simulacrum (IceCv)
  4 ettin skeletons
  A yak (shapeshifter) (D:13)
  7 vampires (Crypt:3)
  14 wraiths
  4 wyverns
  6 basilisks
  4 fire elementals
  38 water elementals
  5 steam dragons
  31 redbacks
  7 vampire mosquitoes
  11 wargs
  A water nymph zombie (Crypt:1)
  A glowing shapeshifter zombie (Vaults:1)
  4 chaos spawn
  4 hydra simulacra (IceCv)
  A harpy simulacrum (IceCv)
  5 acid dragons
  15 water moccasins
  12 hell hounds (Lair:5)
  A swamp drake (Lair:5)
  19 orc warriors
  An ice beast (D:8)
  16 black bears
  18 ogres
  12 laughing skulls
  A manticore skeleton (Crypt:2)
  13 centaurs
  4 ettin simulacra (IceCv)
  31 wolves
  2 lemures
  5 kobold brigands
  3 phantoms
  A weeping skull (D:8)
  A fire crab zombie (Crypt:2)
  14 bullfrogs
  3 gnoll sergeants
  A small abomination (Zot:3)
  A yaktaur skeleton (Crypt:2)
  A necrophage (Crypt:1)
  2 scorpions (D:6)
  A water moccasin zombie (Crypt:2)
  14 wights
  A water moccasin skeleton (Crypt:1)
  A yak zombie (Crypt:1)
  15 killer bees
  3 lindwurm simulacra (IceCv)
  2 electric eels (Lair:5)
  3 howler monkeys
  A troll skeleton (Crypt:2)
  A crimson imp (D:10)
  6 hounds
  28 jellies
  Crazy Yiuf (D:3)
  4 bombardier beetles
  12 orc priests
  8 iguanas
  Natasha (D:3)
  Terence (D:3)
  20 orc wizards
  3 sleepcaps
  19 gnolls
  13 adders
  3 river rats (Sewer)
  2 shadow imps
  A white imp (D:5)
  6 ufetubi
  A dart slug (D:1)
  7 ribbon worms
  49 orcs
  7 bats
  19 endoplasms
  5 giant cockroaches
  3 goblins
  7 hobgoblins
  3 jackals
  4 quokkas
  18 ball pythons
  A dart slug zombie (Crypt:1)
  5 frilled lizards
  13 kobolds
  An orc zombie (Crypt:2)
  20 rats
  A river rat skeleton (Crypt:1)
  A spectral orc (D:8)
  A butterfly (Zot:4)
  A spectral weapon (Vaults:2)
  2 tentacles (Shoals:1)
2454 creatures vanquished.

Vanquished Creatures (others)
  A dread lich (Vaults:5)
  An acid blob (Zot:3)
  A dancing weapon (Elf:1)
  2 deep elf knights (Elf:1)
  A jumping spider (Spider:2)
  2 slime creatures (D:11)
  A water elemental (Shoals:1)
  A redback (Spider:4)
  2 jellies (Zot:3)
  An orc priest (Orc:1)
  4 tentacles (Shoals:1)
17 creatures vanquished.

Grand Total: 2471 creatures vanquished

Notes
Turn   | Place    | Note
-------+----------+-------------------------------------------
     0 | D:5      | RepoMan the Felid Delver began the quest for the Orb.
     0 | D:5      | Reached XP level 1. HP: 12/12 MP: 2/2
    55 | D:5      | Noticed a bombardier beetle
    93 | D:4      | Noticed a sleepcap
    98 | D:4      | Found a radiant altar of Vehumet.
   192 | D:4      | Found a sparkling altar of Nemelex Xobeh.
   213 | D:4      | Found Ozxaf's Antique Armour Shop.
   526 | D:3      | Gained mutation: You are weak. (Str -2) [potion of
                  | mutation]
   526 | D:3      | Gained mutation: You occasionally lose the ability to read
                  | scrolls when taking damage. [potion of mutation]
   526 | D:3      | Gained mutation: A frigid envelope surrounds you and
                  | freezes all who hurt you. [potion of mutation]
   528 | D:3      | Reached XP level 2. HP: 6/16 MP: 3/3
   605 | D:2      | Reached XP level 3. HP: 20/20 MP: 4/4
   715 | D:1      | Found a faded altar of an unknown god.
   860 | D:1      | Noticed a large abomination
   860 | D:1      | Noticed a large abomination
   861 | D:1      | Noticed a large abomination
   862 | D:1      | Noticed a large abomination
   865 | D:1      | Noticed a large abomination
   867 | D:1      | Noticed a small abomination
   871 | D:1      | Noticed a small abomination
   873 | D:1      | Noticed a large abomination
   875 | D:1      | Noticed a large abomination
   877 | D:1      | Noticed a large abomination
   878 | D:1      | Noticed a large abomination
   879 | D:1      | Noticed a small abomination
   880 | D:1      | Noticed a large abomination
   881 | D:1      | Noticed a large abomination
   882 | D:1      | Noticed a large abomination
   882 | D:1      | Noticed a large abomination
   884 | D:1      | Noticed a large abomination
   884 | D:1      | Noticed a large abomination
  1089 | D:1      | Found Yloprul's Antique Armour Boutique.
  1673 | D:2      | Reached XP level 4. HP: 22/24 MP: 5/5
  1673 | D:2      | Gained a life (2 lives remaining)
  1706 | D:2      | Found a glowing golden altar of the Shining One.
  2698 | D:3      | Noticed Natasha
  2707 | D:3      | Killed Natasha
  2821 | D:3      | Found a hide-covered altar of Uskayaw.
  2821 | D:3      | Noticed Terence
  2894 | D:3      | Noticed Natasha
  2917 | D:3      | Found a runed translucent door.
  2918 | D:3      | Noticed Crazy Yiuf
  2941 | D:3      | Reached skill level 5 in Unarmed Combat
  3229 | D:4      | Reached XP level 5. HP: 28/28 MP: 6/6
  3539 | D:4      | Noticed a phantom
  3554 | D:4      | Killed a phantom
  3555 | D:4      | Gained mutation: You are covered in thick fur. (AC +2)
                  | [Felid growth]
  3555 | D:4      | Reached XP level 6. HP: 26/32 MP: 7/7
  4210 | D:5      | Reached XP level 7. HP: 30/36 MP: 8/8
  4246 | D:5      | Found an ancient bone altar of Kikubaaqudgha.
  4411 | D:5      | Found a runed translucent door.
  4411 | D:5      | Noticed sono's ghost (amateur GrFi)
  4506 | D:5      | Noticed a troll
  4554 | D:6      | Noticed a troll
  4738 | D:6      | Noticed a steam dragon
  4742 | D:6      | Killed a steam dragon
  4760 | D:6      | Reached XP level 8. HP: 31/40 MP: 9/9
  4852 | D:6      | Found a glowing drain.
  4887 | Sewer    | Entered a sewer
  5127 | Sewer    | Lost mutation: You occasionally lose the ability to read
                  | scrolls when taking damage. [potion of mutation]
  5127 | Sewer    | Lost mutation: A frigid envelope surrounds you and freezes
                  | all who hurt you. [potion of mutation]
  5127 | Sewer    | Lost mutation: You are weak. (Str -2) [potion of mutation]
  5127 | Sewer    | Gained mutation: You are agile. (Dex +4, Str/Int -1)
                  | [potion of mutation]
  5127 | Sewer    | Gained mutation: Your spells are a little easier to cast,
                  | but a little less powerful. [potion of mutation]
  5239 | Sewer    | Reached skill level 10 in Unarmed Combat
  5348 | D:6      | Reached skill level 7 in Stealth
  5455 | D:6      | Noticed a hornet
  5726 | D:6      | Killed a troll
  5727 | D:6      | Reached skill level 8 in Stealth
  5727 | D:6      | Reached XP level 9. HP: 14/45 MP: 10/10
  5733 | D:6      | Reached skill level 5 in Dodging
  5888 | D:6      | Found an opulent altar of Gozag.
  6592 | D:7      | Found a staircase to the Ecumenical Temple.
  6623 | D:7      | Reached skill level 5 in Fighting
  6668 | Temple   | Entered the Ecumenical Temple
  6691 | Temple   | Became a worshipper of the Wu Jian Council
  6852 | D:7      | Reached skill level 9 in Stealth
  6882 | D:7      | Found a shimmering altar of Xom.
  6945 | D:7      | Found a shimmering blue altar of Sif Muna.
  7046 | D:7      | Found a shadowy altar of Dithmenos.
  7417 | D:8      | Noticed Pikel
  7423 | D:8      | Killed Pikel
  7424 | D:8      | Reached XP level 10. HP: 52/52 MP: 11/11
  7499 | D:8      | Noticed Gastronok
  7513 | D:8      | Reached * piety under Wu Jian
  7688 | D:9      | Noticed a boulder beetle
  7812 | D:9      | Found a transporter.
  7812 | D:9      | Noticed tykejmi's ghost (novice DgAE)
  7823 | D:9      | Killed a boulder beetle
  7901 | D:9      | Noticed a two-headed ogre
  7921 | D:9      | Killed a two-headed ogre
  8416 | D:9      | Noticed a two-headed ogre
  8581 | D:8      | Noticed an elephant
  8582 | D:8      | Found a staircase to the Lair.
  8612 | D:8      | Killed an elephant
  8818 | D:8      | Found a glowing golden altar of the Shining One.
  8862 | Lair:1   | Entered Level 1 of the Lair of Beasts
  8862 | Lair:1   | Found a transporter.
  8888 | Lair:1   | Noticed a black mamba
  8890 | Lair:1   | Noticed a cane toad
  8891 | Lair:1   | Killed a black mamba
  8894 | Lair:1   | Killed a cane toad
  8923 | Lair:1   | Reached XP level 11. HP: 58/58 MP: 12/12
  8973 | Lair:1   | Slain by a black mamba
  8973 | Lair:1   | Lost a life (1 life remaining)
  8974 | Lair:1   | Reached ** piety under Wu Jian
  8990 | Lair:1   | Identified the +0 quarterstaff of a treasure trove {freeze,
                  | *Noise rPois Dex+3 Stlth+}
  9268 | Lair:1   | Found a transporter.
  9271 | Lair:1   | Noticed a swamp dragon
  9271 | Lair:1   | Noticed a swamp dragon
  9271 | Lair:1   | Noticed a swamp dragon
  9902 | Lair:2   | Found a hole to the Spider Nest.
 10043 | Lair:1   | Reached skill level 10 in Dodging
 10049 | Lair:1   | HP: 3/60 [blink frog (7)]
 10424 | Lair:2   | Noticed a five-headed hydra
 10448 | Lair:2   | Killed a five-headed hydra
 10750 | Lair:1   | Reached *** piety under Wu Jian
 11066 | Lair:1   | Reached skill level 15 in Unarmed Combat
 11066 | Lair:1   | Gained mutation: Your thick and shaggy fur keeps you warm.
                  | (AC +3, rC+) [Felid growth]
 11066 | Lair:1   | Reached XP level 12. HP: 64/66 MP: 13/13
 11066 | Lair:1   | Gained a life (2 lives remaining)
 11250 | Lair:2   | Reached skill level 1 in Shapeshifting
 11386 | Lair:2   | Found a staircase to the Shoals.
 12218 | Lair:3   | Noticed Snorg
 12482 | Lair:3   | Found a shimmering blue altar of Sif Muna.
 13122 | Lair:4   | Noticed a seven-headed hydra
 13127 | Lair:4   | Killed a seven-headed hydra
 13175 | Lair:4   | Noticed a five-headed hydra
 13182 | Lair:4   | Killed a five-headed hydra
 13191 | Lair:4   | Reached skill level 5 in Shapeshifting
 13467 | Lair:4   | Noticed an eight-headed hydra
 13476 | Lair:4   | Killed an eight-headed hydra
 13488 | Lair:4   | Noticed a death yak
 13488 | Lair:4   | Noticed a death yak
 13511 | Lair:5   | Entered Level 5 of the Lair of Beasts
 13511 | Lair:5   | Noticed a five-headed hydra
 13553 | Lair:5   | Killed a five-headed hydra
 13667 | Lair:5   | Reached XP level 13. HP: 52/72 MP: 14/14
 13668 | Lair:5   | Reached **** piety under Wu Jian
 14596 | Lair:5   | Found a viscous altar of Jiyva.
 14802 | Lair:5   | Found a staircase to the Slime Pits.
 15331 | Lair:4   | Got Surpholae's Papyrus of the Virulent Maleficium
 15582 | Lair:5   | Reached skill level 10 in Shapeshifting
 15607 | Lair:4   | Reached skill level 10 in Fighting
 16128 | Lair:5   | Reached XP level 14. HP: 77/77 MP: 15/15
 16542 | Lair:5   | Reached ***** piety under Wu Jian
 17432 | D:3      | Killed Crazy Yiuf
 17471 | D:3      | Killed Terence
 18194 | D:9      | Found a transporter.
 18350 | D:10     | Entered Level 10 of the Dungeon
 18398 | D:10     | Found a staircase to the Orcish Mines.
 18512 | D:10     | Identified the +10 flail "Tiapea" {drain, rF+++ Will+
                  | Dex-3}
 18576 | D:10     | Found a blossoming altar of Fedhas.
 18857 | D:10     | Found a hazy altar of Hepliaklqana.
 18858 | D:10     | Found a faded altar of an unknown god.
 19246 | Orc:1    | Entered Level 1 of the Orcish Mines
 19505 | Orc:2    | Entered Level 2 of the Orcish Mines
 19518 | Orc:2    | Noticed Saint Roka
 19545 | Orc:1    | Killed Saint Roka
 19812 | Orc:1    | You fall into a shaft and drop 1 floor!
 19819 | Orc:2    | Noticed Urug
 19835 | Orc:2    | Killed Urug
 20228 | Orc:2    | Found a staircase to the Elven Halls.
 20615 | Orc:2    | Found Nexeem's Antique Armour Boutique.
 20681 | Orc:2    | Found Nuselave's Assorted Antiques.
 20683 | Orc:2    | Found Xuprefank's Antique Weapon Shop.
 20692 | Orc:2    | Bought a lightning rod (4/4) for 880 gold pieces
 20692 | Orc:2    | Bought a scroll of fear for 88 gold pieces
 20692 | Orc:2    | Bought a scroll of teleportation for 66 gold pieces
 20692 | Orc:2    | Bought a potion of lignification for 66 gold pieces
 20692 | Orc:2    | Bought a potion of curing for 66 gold pieces
 20692 | Orc:2    | Bought a potion of haste for 220 gold pieces
 20889 | Orc:2    | Found Nabro's Distillery.
 20900 | Orc:2    | Bought a potion of curing for 42 gold pieces
 20900 | Orc:2    | Bought a potion of ambrosia for 112 gold pieces
 20900 | Orc:2    | Bought a potion of curing for 42 gold pieces
 20900 | Orc:2    | Bought a potion of resistance for 140 gold pieces
 20900 | Orc:2    | Bought a potion of curing for 42 gold pieces
 20900 | Orc:2    | Bought a potion of curing for 42 gold pieces
 20900 | Orc:2    | Bought a potion of mutation for 112 gold pieces
 20900 | Orc:2    | Bought a potion of heal wounds for 70 gold pieces
 20900 | Orc:2    | Bought a potion of heal wounds for 70 gold pieces
 20900 | Orc:2    | Bought a potion of heal wounds for 70 gold pieces
 21161 | Orc:2    | Bought a potion of enlightenment for 70 gold pieces
 21579 | D:11     | Reached XP level 15. HP: 83/83 MP: 16/16
 21609 | D:11     | Noticed Josephine
 21611 | D:11     | Killed Josephine
 21638 | D:11     | Noticed Lodul
 21651 | D:11     | Killed Lodul
 21837 | D:11     | Noticed Sonja
 21846 | D:11     | Killed Sonja
 21922 | D:11     | Reached skill level 15 in Dodging
 22468 | D:12     | Found Hijefer's Book Shoppe.
 23976 | D:13     | Noticed Rupert
 23979 | D:13     | Killed Rupert
 25328 | D:14     | Reached skill level 1 in Evocations
 25976 | D:15     | Entered Level 15 of the Dungeon
 26037 | D:15     | Noticed Agnes
 26151 | D:15     | Killed Agnes
 27032 | D:15     | Found a staircase to the Depths.
 27679 | D:8      | Killed Gastronok
 27715 | D:8      | Found a basalt altar of Yredelemnul.
 27956 | Lair:3   | Killed Snorg
 27957 | Lair:3   | Reached XP level 16. HP: 90/90 MP: 17/17
 28329 | D:5      | Killed sono's ghost
 28463 | Spider:1 | Entered Level 1 of the Spider Nest
 28522 | Spider:1 | Found a glacial archway.
 28526 | IceCv    | Entered an ice cave
 29194 | Spider:1 | Noticed Asterion
 29201 | Spider:1 | Killed Asterion
 29316 | Spider:1 | Reached ****** piety under Wu Jian
 30783 | Spider:2 | Reached skill level 10 in Stealth
 30837 | Spider:2 | Noticed Arachne
 30871 | Spider:2 | HP: 1/91 [Arachne/staff of alchemy (27)]
 30871 | Spider:2 | Slain by Arachne
 30871 | Spider:2 | Lost a life (1 life remaining)
 30881 | Spider:2 | Killed Arachne
 30882 | Spider:2 | Reached skill level 5 in Evocations
 31906 | Spider:3 | Noticed Roxanne
 32294 | Spider:3 | Reached skill level 11 in Stealth
 32513 | Spider:4 | Entered Level 4 of the Spider Nest
 32603 | Spider:4 | Reached XP level 17. HP: 75/95 MP: 1/18
 32603 | Spider:4 | Gained a life (2 lives remaining)
 34134 | Spider:4 | Identified the scarf of Deefepp {shadows, *Corrode rPois
                  | Dex+3 Stlth+}
 34144 | Spider:4 | Identified the +1 hat of the Heron {Will- Str+4}
 34146 | Spider:4 | Got a gossamer rune of Zot
 34575 | Spider:3 | Killed Roxanne
 34714 | Shoals:1 | Entered Level 1 of the Shoals
 34814 | Shoals:1 | Noticed a kraken
 34829 | Shoals:1 | Killed a kraken
 35533 | Shoals:2 | Found Pelatas's Jewellery Boutique.
 35557 | Shoals:2 | Bought the amulet of Ruvik {Spirit rF+ rC+ Dex+3} for 859
                  | gold pieces
 36300 | Shoals:3 | Found a glowing silver altar of Zin.
 36479 | Shoals:3 | Found a sparkling altar of Nemelex Xobeh.
 36486 | Shoals:3 | Reached XP level 18. HP: 102/102 MP: 19/19
 36828 | Shoals:4 | Entered Level 4 of the Shoals
 36859 | Shoals:4 | Identified the serpent talisman "Musyo" {Int+3}
 36859 | Shoals:4 | Noticed Aizul
 36871 | Shoals:4 | Killed Aizul
 36948 | Shoals:4 | Paralysed by an air elemental for 1 turns
 37199 | Shoals:4 | Reached skill level 12 in Stealth
 37670 | Shoals:4 | Identified the +0 halberd of Iseguunt {venom, rC- Dex+3}
 37781 | Shoals:4 | Got a barnacled rune of Zot
 38148 | Elf:1    | Entered Level 1 of the Elven Halls
 38194 | Elf:1    | Reached skill level 15 in Shapeshifting
 38487 | Elf:1    | Reached skill level 13 in Stealth
 38539 | Elf:1    | Found Lumy's Assorted Antiques.
 38539 | Elf:1    | Found Pugidghi's Armour Boutique.
 38553 | Elf:1    | Bought a potion of haste for 370 gold pieces
 38553 | Elf:1    | Bought a potion of curing for 111 gold pieces
 38622 | Elf:1    | Reached skill level 15 in Fighting
 38675 | Elf:1    | Reached XP level 19. HP: 108/108 MP: 17/20
 39143 | Elf:2    | Identified the +7 trident of Acak {drain, Dex+3}
 39339 | Elf:2    | Noticed Jorgrun
 39342 | Elf:2    | Killed Jorgrun
 39528 | Elf:2    | Found a runed translucent gate.
 39528 | Elf:2    | Found a runed translucent gate.
 39528 | Elf:2    | Found a runed translucent gate.
 39664 | Elf:2    | Noticed Donald
 39687 | Elf:2    | Killed Donald
 39808 | Elf:3    | Entered Level 3 of the Elven Halls
 39871 | Elf:3    | Found a shimmering blue altar of Sif Muna.
 40023 | Elf:3    | Found Beahu's Magic Scroll Shoppe.
 40033 | Elf:3    | Bought a scroll of blinking for 120 gold pieces
 40033 | Elf:3    | Bought a scroll of teleportation for 48 gold pieces
 40033 | Elf:3    | Bought a scroll of blinking for 120 gold pieces
 40033 | Elf:3    | Bought a scroll of fog for 64 gold pieces
 40449 | Elf:3    | Identified the ring "Nyv Ziyg" {Fly rN+}
 40555 | Elf:3    | Identified the +9 scimitar of Actus Reus {protect, rF+ rC++
                  | rCorr Dex-3}
 40555 | Elf:3    | Identified the ring "Ofosm" {rN+ Dex+3}
 40706 | Elf:3    | Identified the +12 trident "Peranulo" {flame, Dex+5}
 40778 | Elf:3    | Got Sif Muna's Monograph on Fuming Misfortune
 40785 | Elf:3    | Got the Collected Works on the Cucurbite
 40791 | Elf:3    | Got the Volume of the Lumpy Underlurkers
 40805 | Elf:3    | Identified the +3 morningstar of an ice cave {spect, rPois
                  | rF+++ rN+ Int-3}
 40839 | Elf:3    | Got the Atlas of Warped Breath
 40848 | Elf:3    | Identified the staff "Ofaante" {rElec rPois rN+ Alchemy}
 40854 | Elf:3    | Learned a level 1 spell: Apportation
 41249 | D:13     | Reached skill level 1 in Translocations
 41304 | D:13     | Found a gate to the Vaults.
 41314 | Vaults:1 | Entered Level 1 of the Vaults
 41404 | Vaults:1 | Reached XP level 20. HP: 114/114 MP: 21/21
 41843 | Vaults:1 | Learned a level 4 spell: Manifold Assault
 41848 | Vaults:1 | Learned a level 4 spell: Passage of Golubria
 41853 | Vaults:1 | Learned a level 4 spell: Vhi's Electric Charge
 41895 | Vaults:1 | Reached skill level 5 in Translocations
 41923 | Vaults:1 | Reached skill level 1 in Spellcasting
 41923 | Vaults:1 | Reached skill level 1 in Air Magic
 42375 | Vaults:2 | Identified the +4 quarterstaff of Conformity {spect, +Blink
                  | rC+++ Int+2}
 42691 | Vaults:2 | Reached skill level 10 in Translocations
 43127 | Vaults:2 | Reached XP level 21. HP: 119/119 MP: 26/26
 43381 | Vaults:2 | You fall into a shaft and drop 1 floor!
 43391 | Vaults:3 | Found a runed translucent gate.
 43391 | Vaults:3 | Found a runed translucent gate.
 43391 | Vaults:3 | Found a runed translucent gate.
 43393 | Vaults:3 | Noticed tamionv's ghost (adept GrFi)
 43513 | Vaults:3 | Found a staircase to the Crypt.
 43513 | Vaults:3 | Found a basalt altar of Yredelemnul.
 43513 | Vaults:3 | Found an ancient bone altar of Kikubaaqudgha.
 43720 | Vaults:3 | Reached skill level 14 in Stealth
 43881 | Vaults:3 | Identified the orb "Enewn" {light, -Tele rElec rF+ Str+2}
 43881 | Vaults:3 | Noticed Frederick
 43896 | Vaults:3 | Killed Frederick
 44038 | Vaults:3 | Noticed Boris
 44041 | Vaults:3 | Killed Boris
 44082 | Vaults:3 | Found Akuzxek's Magic Scroll Boutique.
 44085 | Vaults:3 | Bought a scroll of teleportation for 36 gold pieces
 44085 | Vaults:3 | Bought 3 scrolls of immolation for 144 gold pieces
 44085 | Vaults:3 | Bought a scroll of fog for 48 gold pieces
 45029 | Vaults:3 | Killed tamionv's ghost
 45035 | Vaults:3 | Identified the +4 morningstar of Wiac {venom, rC+++}
 45037 | Vaults:3 | Identified the +0 helmet of Distant Shores {Will+ Regen+
                  | Str-2 Dex+5}
 45398 | Vaults:4 | Found Ofotheat's Weapon Boutique.
 46179 | Crypt:1  | Entered Level 1 of the Crypt
 46245 | Crypt:1  | Reached skill level 15 in Stealth
 46525 | Crypt:1  | Reached XP level 22. HP: 126/126 MP: 27/27
 46998 | Crypt:2  | Identified the ring of Doutyll {Ice Will+ Str+3}
 47071 | Crypt:2  | Noticed Boris
 47101 | Crypt:2  | Killed Boris
 47546 | Crypt:3  | Entered Level 3 of the Crypt
 47633 | Crypt:3  | Identified the ring "Fenwetu" {Fire +Blink rN+ Stlth+}
 48255 | Crypt:3  | Found a staircase to the Tomb.
 48257 | Crypt:3  | Noticed a dread lich
 48264 | Crypt:3  | Killed a dread lich
 48265 | Crypt:3  | Noticed an ancient lich
 48267 | Crypt:3  | Identified the ring of Potorpha Ympe {rF++ rN+ rCorr Str+4
                  | SInv}
 48267 | Crypt:3  | Noticed Boris
 48275 | Crypt:3  | Killed an ancient lich
 48277 | Crypt:3  | Killed Boris
 48278 | Crypt:3  | Reached skill level 16 in Stealth
 48309 | Crypt:3  | Identified the ring "Xehe" {*Corrode rN+ Str+5 Int+4}
 48763 | Crypt:3  | Identified the +0 robe "Ruohyuci" {Int+6 Dex-3 Slay-4
                  | Stlth+}
 49191 | Depths:1 | Entered Level 1 of the Depths
 49389 | Depths:1 | Found an iron altar of Okawaru.
 49468 | Depths:1 | Found a one-way gateway to a ziggurat.
 49529 | Depths:1 | Found a transporter.
 49532 | Depths:1 | Noticed a juggernaut
 49533 | Depths:1 | Found a bloodstained altar of Trog.
 49534 | Depths:1 | Noticed WeeknightWizard's ghost (veteran DEFE)
 49570 | Depths:1 | Noticed a juggernaut
 49680 | Depths:1 | Found a transporter.
 49765 | Depths:1 | Found a gateway to Hell.
 49784 | Depths:1 | Noticed a golden dragon
 49792 | Depths:1 | Killed a golden dragon
 49971 | Depths:1 | Found a one-way gate leading to the halls of Pandemonium.
 50318 | Depths:2 | Noticed Sojobo
 50320 | Depths:2 | Reached XP level 23. HP: 133/133 MP: 26/28
 50328 | Depths:2 | Killed Sojobo
 50481 | Depths:2 | Found a one-way gate to the infinite horrors of the Abyss.
 50496 | Depths:2 | Identified the +1 leather armour of Circular Logic {Dex+2}
 51233 | Depths:3 | Noticed a caustic shrike
 51247 | Depths:3 | Killed a caustic shrike
 51281 | Depths:3 | Noticed a juggernaut
 51287 | Depths:3 | Killed a juggernaut
 51538 | Depths:3 | Identified the ring of Dishonesty {rPois rCorr}
 52212 | Depths:2 | Noticed Boris
 52216 | Depths:2 | Killed Boris
 52248 | Depths:4 | Entered Level 4 of the Depths
 52326 | Depths:4 | Noticed a juggernaut
 52401 | Depths:4 | Killed a juggernaut
 52406 | Depths:4 | Noticed a juggernaut
 52416 | Depths:4 | Killed a juggernaut
 52427 | Depths:4 | Noticed a juggernaut
 52640 | Depths:3 | Killed a juggernaut
 52724 | Depths:3 | Reached XP level 24. HP: 140/140 MP: 26/28
 52810 | Depths:4 | Found a gate to the Realm of Zot.
 52915 | Depths:4 | Found a corrupted altar of Lugonu.
 53056 | Depths:4 | Found a runed translucent door.
 53057 | Depths:4 | Noticed ripuliukko's ghost (master GrEE)
 54053 | Slime:1  | Entered Level 1 of the Pits of Slime
 54169 | Slime:3  | Lost mutation: You are agile. (Dex +4, Str/Int -1) [a
                  | shining eye]
 54170 | Slime:3  | Gained mutation: Your spells are easier to cast, but less
                  | powerful. [a shining eye]
 54255 | Slime:5  | Entered Level 5 of the Pits of Slime
 54367 | Slime:5  | Gained mutation: You occasionally lose the ability to drink
                  | potions when taking damage. [a shining eye]
 54410 | Slime:5  | Noticed the Royal Jelly
 54466 | Slime:5  | Killed the Royal Jelly
 54541 | Slime:5  | Identified the ring of Saeh {Int+4 Slay+4}
 54544 | Slime:5  | Identified the +0 ring mail of Going Fast {rCorr}
 54548 | Slime:5  | Got a slimy rune of Zot
 54568 | Slime:5  | Found the +8 autumn katana {manifold assault}
 54619 | Slime:5  | Identified the +2 halberd of Kukh {speed, Dex+3 SInv}
 55009 | Vaults:4 | Lost mutation: You occasionally lose the ability to drink
                  | potions when taking damage. [potion of mutation]
 55009 | Vaults:4 | Lost mutation: Your spells are easier to cast, but less
                  | powerful. [potion of mutation]
 55009 | Vaults:4 | Lost mutation: Your spells are a little easier to cast, but
                  | a little less powerful. [potion of mutation]
 55009 | Vaults:4 | Gained mutation: You are frail. (-10% HP) [potion of
                  | mutation]
 55010 | Vaults:4 | Lost mutation: You are frail. (-10% HP) [potion of
                  | mutation]
 55010 | Vaults:4 | Gained mutation: You have a pair of small horns on your
                  | head. [potion of mutation]
 55010 | Vaults:4 | Gained mutation: Your magical capacity is low. (-10% MP)
                  | [potion of mutation]
 55010 | Vaults:4 | Gained mutation: You do not regenerate when monsters are
                  | visible. [potion of mutation]
 55010 | Vaults:4 | Gained mutation: Your flesh is heat resistant. (rF+)
                  | [potion of mutation]
 55011 | Vaults:4 | Lost mutation: You do not regenerate when monsters are
                  | visible. [potion of mutation]
 55011 | Vaults:4 | Lost mutation: Your flesh is heat resistant. (rF+) [potion
                  | of mutation]
 55011 | Vaults:4 | Lost mutation: Your magical capacity is low. (-10% MP)
                  | [potion of mutation]
 55011 | Vaults:4 | Gained mutation: You are partially covered in iridescent
                  | scales. (AC +2) [potion of mutation]
 55040 | Vaults:5 | Entered Level 5 of the Vaults
 55072 | Vaults:5 | Noticed an ancient lich
 55073 | Vaults:5 | Noticed an ancient lich
 55076 | Vaults:5 | Killed an ancient lich
 55079 | Vaults:5 | Killed an ancient lich
 55130 | Vaults:5 | Noticed a dread lich
 55131 | Vaults:5 | Identified the staff "Maejuomp" {rN+ rCorr Str+2 Int+2
                  | Conj}
 55132 | Vaults:5 | Killed a dread lich
 55134 | Vaults:5 | Reached XP level 25. HP: 148/148 MP: 28/28
 55134 | Vaults:5 | Noticed an ancient lich
 55138 | Vaults:5 | Killed an ancient lich
 55183 | Vaults:5 | Found the +8 mithril axe "Arga" {speed, Will+}
 55266 | Vaults:5 | Noticed a dread lich
 55272 | Vaults:5 | Killed a dread lich
 55410 | Vaults:5 | Identified the +0 longbow of Punishment {heavy, rF+ Dex+2}
 55519 | Vaults:5 | Identified the ring of Guhur {rElec MP+9 Int+6 Dex-4 SInv}
 55531 | Vaults:5 | Got a silver rune of Zot
 56064 | Vaults:5 | Identified the +6 scimitar of Midnight {spect, rC+ Will+
                  | MP+9}
 56066 | Vaults:5 | Identified the staff of Zuan {rN+ Will+ Necro Air}
 56499 | Zot:1    | Entered Level 1 of the Realm of Zot
 57100 | Zot:2    | Reached skill level 17 in Stealth
 57575 | Zot:3    | Got the Directory of the Vile Welkin
 57580 | Zot:3    | Noticed a Killer Klown
 57585 | Zot:3    | Killed a Killer Klown
 58368 | Zot:3    | Noticed an orb of fire
 58368 | Zot:3    | Gained mutation: You occasionally shout uncontrollably at
                  | your foes. [an orb of fire]
 58383 | Zot:3    | Killed an orb of fire
 58384 | Zot:3    | Reached XP level 26. HP: 155/155 MP: 25/28
 58415 | Zot:3    | Found the +4 dragonskin cloak
 58415 | Zot:3    | Noticed Tiamat
 58444 | Zot:3    | Killed Tiamat
 58445 | Zot:3    | Reached skill level 18 in Stealth
 59247 | Zot:4    | Reached skill level 19 in Stealth
 59586 | Zot:4    | Identified the +4 leather armour of the Shore {rN+}
 59642 | Zot:4    | Found a shimmering altar of Xom.
 59642 | Zot:4    | Found a shimmering altar of Xom.
 59642 | Zot:4    | Found a glowing silver altar of Zin.
 59642 | Zot:4    | Found a shimmering altar of Xom.
 59651 | Zot:4    | Gained mutation: You are vulnerable to heat. (rF-) [a
                  | shining eye]
 59654 | Zot:4    | Lost mutation: You have a pair of small horns on your head.
                  | [potion of mutation]
 59654 | Zot:4    | Lost mutation: You occasionally shout uncontrollably at
                  | your foes. [potion of mutation]
 59654 | Zot:4    | Gained mutation: You are strong-willed. (Will+) [potion of
                  | mutation]
 59654 | Zot:4    | Gained mutation: You are agile. (Dex +4, Str/Int -1)
                  | [potion of mutation]
 59655 | Zot:4    | Lost mutation: You are agile. (Dex +4, Str/Int -1) [potion
                  | of mutation]
 59655 | Zot:4    | Lost mutation: You are vulnerable to heat. (rF-) [potion of
                  | mutation]
 59655 | Zot:4    | Lost mutation: You are partially covered in iridescent
                  | scales. (AC +2) [potion of mutation]
 59655 | Zot:4    | Gained mutation: You possess an exceptional clarity of
                  | mind. [potion of mutation]
 59655 | Zot:4    | Gained mutation: You are dopey. (Int -2) [potion of
                  | mutation]
 59745 | Zot:5    | Entered Level 5 of the Realm of Zot
 60066 | Zot:5    | Reached skill level 20 in Stealth
 60224 | Zot:5    | Noticed an orb of fire
 60227 | Zot:5    | Killed an orb of fire
 60228 | Zot:5    | Noticed an ancient lich
 60228 | Zot:5    | Noticed a dread lich
 60232 | Zot:5    | Reached skill level 21 in Stealth
 60233 | Zot:5    | Noticed an orb of fire
 60234 | Zot:5    | Noticed an ancient lich
 60234 | Zot:5    | Noticed an orb of fire
 60234 | Zot:5    | Noticed a dread lich
 60235 | Zot:5    | Lost mutation: You possess an exceptional clarity of mind.
                  | [an orb of fire]
 60237 | Zot:5    | Killed an orb of fire
 60239 | Zot:5    | Killed an ancient lich
 60239 | Zot:5    | Killed a dread lich
 60241 | Zot:5    | Killed an ancient lich
 60242 | Zot:5    | Reached skill level 22 in Stealth
 60242 | Zot:5    | Killed an orb of fire
 60243 | Zot:5    | Killed a dread lich
 60247 | Zot:5    | Reached skill level 23 in Stealth
 60286 | Zot:5    | Noticed an orb of fire
 60290 | Zot:5    | Reached skill level 24 in Stealth
 60290 | Zot:5    | Noticed an orb of fire
 60293 | Zot:5    | Reached XP level 27. HP: 159/159 MP: 19/28
 60293 | Zot:5    | Killed an orb of fire
 60294 | Zot:5    | Killed an orb of fire
 60295 | Zot:5    | Noticed an ancient lich
 60299 | Zot:5    | Killed an ancient lich
 60301 | Zot:5    | Noticed a dread lich
 60305 | Zot:5    | Killed a dread lich
 60306 | Zot:5    | Reached skill level 25 in Stealth
 60307 | Zot:5    | Got the Orb of Zot
 60309 | Zot:5    | Noticed an orb of fire
 60320 | Zot:5    | Gained mutation: You are clumsy. (Dex -2) [an orb of fire]
 60323 | Zot:5    | Killed an orb of fire
 60357 | Zot:5    | Noticed a dread lich
 60360 | Zot:5    | Killed a dread lich
 60361 | Zot:5    | Reached skill level 26 in Stealth
 60413 | Zot:3    | Noticed Nuplaluk the pandemonium lord
 60419 | Zot:3    | Killed Nuplaluk the pandemonium lord
 60673 | D:14     | Reached skill level 27 in Stealth
 61019 | D:$      | Escaped with the Orb!

Illustrated notes

Levels and vault maps discovered:
D:1:      shiori_arrival_whats_in_store_for_you, layout_loops_ring,
          shapermc_ecumenical_altar_acropolis, serial_shops,
          nicolae_shop_hallway_plus, hangedman_glass_teeth,
          minmay_misc_feat_encased
D:2:      layout_basic, basic_altar, serial_aquarium, aquarium_bridge_straight
          [aquarium_subvault_bridge, aquarium_subvault_balcony,
          aquarium_subvault_bridge, aquarium_subvault_window],
          aquarium_bridge_island_small [aquarium_subvault_small_open,
          aquarium_subvault_window, aquarium_subvault_bridge,
          aquarium_subvault_window, aquarium_subvault_wall], aquarium_window_2,
          aquarium_window_2, aquarium_window_1, aquarium_view_2f,
          aquarium_pool_2, st_stairs_6
D:3:      layout_loops_ring, mainiacjoe_overflow_24_doors,
          uniq_crazy_yiuf_cottage, uniq_natasha, uniq_terence
D:4:      kennysheep_six_static_rooms, layout_loops_cross,
          nemelex_dance_club_becter, vehumet_crystals, serial_shops, shop_coins
D:5:      layout_gridville, mainiacjoe_overflow_surrounded_room,
          gammafunk_ghost_grave
D:6:      cheibrodos_fzero, layout_basic, grunt_gozag_breadcrumbs,
          cheibrodos_sewer_entry_bend
D:7:      layout_cave_pools, nicolae_sif_muna_little_library,
          mainiacjoe_overflow_concentric_impassable, grunt_dithmenos_shadows,
          temple_pool_b, dreamdust_gnoll_farm
D:8:      layout_gridville, yredelemnul_forgotten_temple_becter,
          mainiacjoe_overflow_paths, david_lair_generic, uniq_pikel,
          uniq_gastronok
D:9:      layout_basic, gammafunk_ghost_stat_death,
          minmay_fractal_squares_gapless_7
D:10:     layout_irregular_city, fedhas_ov_isle_minmay,
          beargit_hepliaklqana_dungeon_heroes, lightli_wizard_tower
D:11:     layout_stronghold, lemuel_flame_loot_1, uniq_josephine, uniq_lodul,
          uniq_sonja
D:12:     layout_irregular_city, serial_shops, shop, kennysheep_generic_room_12
D:13:     layout_loops_corners, grunt_vaults_entry_fortified, uniq_rupert
D:14:     layout_basic, nicolae_concentric_dashed_squares_mild, hive_lemuel
D:15:     gammafunk_enter_depths_forms, layout_basic, uniq_agnes
Temple:   compressed_dpeg_circular_temple
Lair:1:   gammafunk_cloud_chamber, layout_long_grid, grunt_megastairs_5
Lair:2:   layout_regular_city, minmay_shoals_entry_lonely_mermaid,
          hellmonk_spider_entry_not_the_bees, grunt_megastairs_3,
          lemuel_fruit_fields, serial_bayou_shore_b
Lair:3:   layout_cave_pods, basic_altar, uniq_snorg
Lair:4:   layout_cave_pods, grunt_megastairs_4
Lair:5:   guppyfry_lair_end_dragon, layout_gridlike,
          hangedman_lair_caniforms_friends, slime_entry_2, serial_bayou_lake_a
Shoals:1: layout_shoals, nicolae_tricolors
Shoals:2: layout_shoals, serial_shops, shop_fountains
Shoals:3: layout_shoals, hangedman_feature_mirror, abandoned_shop,
          nicolae_shoals_square_sea_wall, nicolae_shoals_lost_giant_hut
Shoals:4: shoals_end_hellmonk_storm_palace [storm_palace_center_ruins,
          storm_palace_corner_reverse_hut, storm_palace_corner_narrow,
          storm_palace_corner_grid, storm_palace_corner_narrow], uniq_aizul
Spider:1: layout_chambers, portal_ice_cave_entry_pillars_four, uniq_asterion
Spider:2: nicolae_spider_mines_2, drop_trap, uniq_arachne
Spider:3: layout_spider_delve, drop_trap, uniq_roxanne
Spider:4: grunt_spider_rune_parallel, nicolae_spider_nooks_and_crannies
Slime:1:  layout_caves
Slime:2:  layout_caves
Slime:3:  layout_caves
Slime:4:  layout_caves, basic_altar
Slime:5:  slime_pit_nicolae_block_by_block
Orc:1:    layout_caves, mines3_lemuel
Orc:2:    hellmonk_orc_salted, layout_caves, uniq_urug, uniq_saint_roka
Elf:1:    elf_arrival_001, layout_geoelf_octagon,
          hangedman_elven_crosses_minicolossus, minmay_shoptagon
Elf:2:    nicolae_elf_blades_crystal_corner, layout_loops_corners, uniq_donald,
          uniq_jorgrun, uniq_louise
Elf:3:    minmay_elf_hall_four_x, layout_rooms, basic_altar, serial_shops,
          nicolae_shop_peninsula, wad_dig_loot
Vaults:1: nicolae_vaults_stand_back, v_misc_17, nicolae_vaults_trapezoid_3,
          v_misc_13, v_alt_pattern_5, hangedman_vaults_nails, v_rooms_4,
          v_misc_11, nicolae_vaults_apartment_1, layout_vaults_omnicross
Vaults:2: v_alt_pattern_1, nicolae_vaults_little_ls, nicolae_vaults_network_s,
          nicolae_vaults_cochlea, vaults_dpeg_hooks, v_misc_10,
          nicolae_vaults_little_squares_5, nicolae_vaults_more_shelving_1,
          nicolae_vaults_circle_grid_a, ontoclasm_vaults_ligature,
          nicolae_vaults_specimen_jars, v_rooms_4,
          nicolae_vaults_offset_grid_hallway_1, nicolae_vaults_tetromino_Z_2,
          layout_vaults_ring
Vaults:3: gammafunk_ghost_spectres, hangedman_vaults_cutoff,
          ontoclasm_vaults_tryst, nicolae_vaults_border_crossing,
          nicolae_vaults_shipping_containers_2, minmay_crypt_entry_necro_gods,
          nicolae_vaults_door_testing_chamber, nicolae_vaults_apartment_2,
          nicolae_vaults_storage_closets_2, nicolae_vaults_two_Ls,
          nicolae_vaults_storage_room_glass, nicolae_vaults_mini_display_case,
          layout_vaults_chaotic_city, serial_shops, nicolae_shop_rolled_up,
          uniq_boris, uniq_frederick
Vaults:4: v_alt_pattern_6, nicolae_vaults_sesquioval_fish,
          nicolae_vaults_trapezoid_4, vaults_room_stairs_pillars,
          nicolae_vaults_two_Ls, vaults_room_corners,
          nicolae_vaults_wine_cellar, nicolae_vaults_storage_room_statues,
          nicolae_vaults_tetromino_Z_2, layout_vaults_omnigrid, serial_shops,
          shop
Vaults:5: serial_shops
Crypt:1:  layout_regular_city, roderic_lattice_octagonal_star,
          grunt_crypt_arrival_webbed
Crypt:2:  layout_catacombs
Crypt:3:  quadcrypt_mu
Depths:1: layout_gridlike, enter_ziggurat_c, gammafunk_ghost_wrathful_warriors,
          rand_demon_pan_entry_9, pf_coc_iceberg, minmay_misc_feat_diagonals,
          dk_noncrumbling_2, kennysheep_okawaru_gauntlet, firewood_loft
Depths:2: minmay_coctagon, layout_long_grid, abyss_entry, grunt_mini_vestibule,
          rand_demon_pan_entry_1, uniq_sojobo
Depths:3: nicolae_herringbone, layout_cross, hangedman_geh_valley,
          nicolae_abyss_entry_one_way_or_another
Depths:4: grunt_crosshair, layout_basic, abyss_entry_flame_altar, hell_entry,
          gammafunk_ghost_grave, chequers_serial_rivers_small_a,
          grunt_pan_entry_in_and_out, small_chamber_with_monster
Zot:1:    layout_misc_corridors, regret_index_zotdec_banners
Zot:2:    layout_misc_corridors
Zot:3:    lemuel_acid_trip, layout_cathedral_of_symmetry,
          kennysheep_underground_church, uniq_tiamat
Zot:4:    dreamdust_zin_vs_xom, layout_misc_corridors
Zot:5:    layout_basic

Skill      XL: |  1  2  3  4  5  6  7  8  9 10 11 12 13 14 15 16 17 18 19 20 21 22 23 24 25 26 27 |
---------------+----------------------------------------------------------------------------------+-----
Unarmed Combat | 3 4 5 6 7 9 10 11 13 15 16 17 18 19 20 21 22 23 24 25 | 25.5
Dodging        | 4 6 8 11 13 14 15 16 17 18 19 20 21 23 | 23.3
Stealth        | 8 9 11 13 15 16 17 24 27 | 27.0
Fighting       | 4 5 7 9 10 11 12 13 14 15 16 17 19 20 21 | 21.1
Shapeshifting  | 6 10 11 12 13 14 15 16 17 18 20 22 23 | 23.3
Evocations     | 3 5 |  5.5
Translocations | 2 11 13 | 13.3
Spellcasting   | 3 |  3.3
Air Magic      | 3 |  3.3

Action                     |  1- 3 |  4- 6 |  7- 9 | 10-12 | 13-15 | 16-18 | 19-21 | 22-24 | 25-27 || total
---------------------------+-------+-------+-------+-------+-------+-------+-------+-------+-------++-------
  Melee: Unarmed           |    66 |   137 |   312 |   629 |  1444 |  1492 |  1298 |  1408 |  1017 ||  7803
         Bite              |     4 |     9 |    36 |   107 |   217 |   146 |   199 |   225 |   164 ||  1107
         Punch             |     3 |     3 |    22 |    60 |   191 |   153 |   212 |   260 |   186 ||  1090
         Maw               |       |       |       |       |   524 |   174 |       |       |       ||   698
         Constrict         |       |       |       |       |       |    80 |       |       |       ||    80
         Headbutt          |       |       |       |       |       |       |       |    28 |   197 ||   225
   Cast: Manifold Assault  |       |       |       |       |       |       |     2 |    10 |     9 ||    21
         Apportation       |       |       |       |       |       |       |     2 |     8 |     4 ||    14
         Vhi's Electric Ch |       |       |       |       |       |       |     1 |     7 |    18 ||    26
         Passage of Golubr |       |       |       |       |       |       |       |     2 |       ||     2
 Invoke: Serpent's Lash    |       |       |       |     4 |    22 |    26 |     9 |     7 |     7 ||    75
         Heavenly Storm    |       |       |       |       |       |       |       |     2 |     1 ||     3
Ability: Lunge             |       |       |     8 |    61 |   135 |   191 |   128 |   132 |    85 ||   740
         Whirlwind         |       |       |       |    75 |   308 |   251 |   327 |   373 |   302 ||  1636
         Wall Jump         |       |       |       |     1 |    20 |    22 |    22 |    11 |    13 ||    89
  Evoke: Wand              |       |       |     6 |    14 |    16 |    27 |     3 |     7 |     2 ||    75
         Lightning rod     |       |       |       |       |     2 |     9 |     2 |       |       ||    13
         Phial of floods   |       |       |       |       |       |       |     1 |     1 |       ||     2
    Use: Scroll            |     2 |     6 |     7 |    12 |    14 |    17 |    11 |     8 |     8 ||    85
         Potion            |     1 |     4 |    11 |     7 |     5 |    18 |       |     6 |    12 ||    64
   Stab: Sleeping          |    24 |    21 |     8 |    18 |    37 |    37 |    68 |    59 |    22 ||   294
         Distracted        |       |     1 |     3 |     4 |    10 |    17 |    16 |    15 |    11 ||    77
         Paralysed         |       |       |     4 |     3 |     2 |     3 |       |       |       ||    12
         Invisible         |       |       |       |     5 |       |       |       |       |       ||     5
 Armour: Skin              |    12 |    31 |   174 |   130 |   265 |   494 |   260 |   273 |   231 ||  1870
  Dodge: Dodged            |    36 |    73 |   235 |   435 |   911 |  1442 |  1138 |  1499 |  1022 ||  6791
  Block: Other             |       |       |       |    63 |   176 |    37 |       |       |       ||   276
         Reflection        |       |       |       |       |     5 |       |       |       |       ||     5
   Form: Maw               |       |       |       |       |     1 |       |       |       |       ||     1
         Serpent           |       |       |       |       |       |     1 |       |       |       ||     1
         Statue            |       |       |       |       |       |     1 |       |       |       ||     1
